 Dungeon Crawl Stone Soup version 0.28-a0-991-g956f0ee3d5 (webtiles) character file.

Game seed: 9008456226208520638

1297 siradein the Ruffian (level 8, -1/78 HPs)
             Began as a Troll Transmuter on Dec 4, 2021.
             Was an Initiate of Ru.
             Slain by a killer bee (4 damage)
             ... on level 6 of the Dungeon.
             The game lasted 00:06:19 (4122 turns).

siradein the Ruffian (Troll Transmuter)             Turns: 4122, Time: 00:06:19

Health: -1/78      AC: 11    Str: 19    XL:     8   Next: 31%
Magic:  10/11      EV: 11    Int: 11    God:    Ru [......]
Gold:   205        SH:  0    Dex: 16    Spells: 7/13 levels left

rFire   + . .      SeeInvis .     - Unarmed
rCold   . . .      Faith    .   (no shield)
rNeg    . . .      Spirit   .   B - +2 robe {rF+}
rPois   .          Reflect  .   (helmet restricted)
rElec   .          Harm     .   z - +0 cloak
rCorr   .          Rampage  .   (gloves unavailable)
Will    .....                   (boots unavailable)
Stlth   +.........              (no amulet)
HPRegen 1.03/turn               d - +6 ring of dexterity
MPRegen 0.12/turn               k - +4 ring of protection

@: wereblooded (expiring)
A: large, unfitting armour, claws 3, regeneration 1, shaggy fur 1, tough skin 1
a: Renounce Religion


You were on level 6 of the Dungeon.
You worshipped Ru.
Ru was noncommittal.
You visited 1 branch of the dungeon, and saw 6 of its levels.

You collected 205 gold pieces.

Inventory:

Armour
 z - a +0 cloak (worn)
 B - a +2 robe of fire resistance (worn)
Jewellery
 d - a +6 ring of dexterity (left claw)
 k - a +4 ring of protection (right claw)
 q - a ring of protection from fire
Wands
 p - a wand of acid (11)
Scrolls
 i - 2 scrolls of fog
 l - 2 scrolls of blinking
 m - a scroll of silence
 s - 4 scrolls of teleportation
 u - a scroll of enchant armour
 x - a scroll of magic mapping {unknown}
 y - a scroll of amnesia {unknown}
Potions
 c - a potion of berserk rage {unknown}
 e - a potion of haste {unknown}
 f - 2 potions of attraction {unknown}
 h - 3 potions of heal wounds {unknown}
 j - a potion of degeneration {unknown}
 n - 2 potions of curing
 o - 3 potions of cancellation {unknown}
 r - a potion of might {unknown}
 t - a potion of invisibility {unknown}
 v - a potion of flight {unknown}
 w - a potion of magic {unknown}
 A - a potion of resistance {unknown}


   Skills:
 + Level 3.6 Fighting
 + Level 3.9 Dodging
 + Level 5.3 Unarmed Combat
 + Level 3.0 Spellcasting
 + Level 3.5 Transmutations
 + Level 1.0 Evocations


You had 7 spell levels left.
You knew the following spells:

 Your Spells              Type           Power      Damage    Failure   Level
a - Beastly Appendage     Tmut           18%        N/A       6%          1
b - Wereblood             Tmut           9%         N/A       9%          2
c - Spider Form           Tmut/Pois      5%         N/A       36%         3

Your spell library contained the following spells:

 Spells                   Type           Power      Damage    Failure   Level
 Passwall                 Tmut/Erth      4%         N/A       19%         2
 Ensorcelled Hibernation  Hex/Ice        2%         N/A       36%         2
 Swiftness                Air            1%         N/A       61%         3
 Ice Form                 Ice/Tmut       5%         N/A       77%         4


Dungeon Overview and Level Annotations

Branches:
Dungeon (6/15)
 Temple: D:4-7

Altars:
Hepliaklqana
Kikubaaqudgha
Ru
Uskayaw
Yredelemnul

Shops:
D:5 [

Annotations:
D:4 1 transporter, sirJeffrey23's ghost, amateur TrBe
D:5 3 runed translucent doors, AmazingEquinox's ghost, novice HOFi
D:6 Duvessa


Innate Abilities, Weirdness & Mutations

You are too large for most types of armour.
You have claws for hands.
Your natural rate of healing is unusually fast.
You are covered in fur. (AC +1)
You have tough skin. (AC +1)


Message History

You feel sick. The killer bee stings you.
* * * LOW HITPOINT WARNING * * *
You are more poisoned.
The killer bee poisons you!
You feel very sick.
The orc priest hits the bush but does no damage.
The killer bee stings you.
* * * LOW HITPOINT WARNING * * *
You feel very sick. The killer bee barely misses you.
You feel sick.
The killer bee stings you but does no damage.
You feel sick.
The killer bee stings you but does no damage.
The killer bee barely misses you. The gnoll barely misses you.
The gnoll hits you but does no damage.
You howl as the wereblood boils in your veins!
You feel sick.
Duvessa goes berserk!
Duvessa shouts!
The killer bee stings you but does no damage.
The orc wizard mumbles some strange words.
The orc wizard flickers and vanishes!
Deactivating autopickup; reactivate with Ctrl-A.
Your primal bloodlust is almost over.
You feel sick.
Your horns disappear.
Your talons disappear.
You feel sick.
You feel sick. The killer bee closely misses you.
You feel sick.
You hear a shout!
The killer bee closely misses you. The killer bee stings you.
* * * LOW HITPOINT WARNING * * *
You feel sick. The killer bee barely misses you. The killer bee stings you.
* * * LOW HITPOINT WARNING * * *
You howl as the wereblood boils in your veins!
You feel sick.
You are no longer poisoned.
The killer bee stings you but does no damage.
The killer bee stings you.
You die...

#...........##
#..##...#.#
#............# #.###...#
# .........##?##
#..#...## .........##.##
#.......##
.........##..###........#
..........#.###.........#
P.P......e...#.........##
..P.......g.##..###.....#
P.P......g.g.g.y@##[....#
P.P........o...yy.....###
P.P...##...###........#
..P..###..###.........#
P.P..# #..# ###......##
..........# #.....##
......#.... ##....#
....g###...# ######
...... ..


You could see 3 killer bees, an orc priest and 4 gnolls.

Vanquished Creatures
  A necrophage (D:5)
  3 ogres (D:5)
  2 phantoms (D:4)
  Blork the orc (D:4)
  A kobold brigand (D:4)
  A bullfrog (D:4)
  2 scorpions (D:5)
  Dowan (D:6)
  2 killer bees (D:6)
  A centaur skeleton (D:5)
  A hound (D:5)
  A gnoll shaman (D:3)
  Ijyb (D:3)
  A hound skeleton (D:4)
  A howler monkey zombie (D:5)
  7 adders
  4 gnolls (D:3)
  A shadow imp (D:6)
  3 worms
  4 dart slugs
  10 orcs
  8 endoplasms
  2 giant cockroaches
  8 goblins
  9 hobgoblins
  29 kobolds
  3 quokkas
  9 ball pythons
  3 bats
  3 frilled lizards
  A rat (D:2)
124 creatures vanquished.

Vanquished Creatures (others)
  13 plants (D:4)
13 creatures vanquished.

Grand Total: 137 creatures vanquished

Notes
Turn   | Place    | Note
-------+----------+-------------------------------------------
     0 | D:1      | siradein the Troll Transmuter began the quest for the Orb.
     0 | D:1      | Reached XP level 1. HP: 18/18 MP: 1/1
   133 | D:1      | Found a faded altar of an unknown god.
   143 | D:1      | Reached skill level 1 in Fighting
   223 | D:1      | Reached XP level 2. HP: 27/27 MP: 3/3
   558 | D:1      | Reached XP level 3. HP: 33/33 MP: 4/4
  1203 | D:2      | Learned a level 2 spell: Wereblood
  1254 | D:2      | Reached XP level 4. HP: 41/41 MP: 5/5
  1665 | D:3      | Noticed Ijyb
  1678 | D:3      | Killed Ijyb
  1795 | D:3      | Reached XP level 5. HP: 45/49 MP: 6/6
  1812 | D:3      | Learned a level 3 spell: Spider Form
  1825 | D:3      | Found a hide-covered altar of Uskayaw.
  1973 | D:3      | Found a hazy altar of Hepliaklqana.
  2234 | D:4      | Noticed a phantom
  2239 | D:4      | Killed a phantom
  2240 | D:4      | Reached skill level 4 in Unarmed Combat
  2240 | D:4      | Reached XP level 6. HP: 54/58 MP: 6/8
  2296 | D:4      | Found a sacrificial altar of Ru.
  2319 | D:4      | Noticed sirJeffrey23's ghost (amateur TrBe)
  2320 | D:4      | Found a transporter.
  2382 | D:4      | Noticed Blork the orc
  2395 | D:4      | Killed Blork the orc
  2493 | D:4      | Reached XP level 7. HP: 53/66 MP: 9/9
  2652 | D:4      | Found a basalt altar of Yredelemnul.
  3009 | D:4      | Became a worshipper of Ru the Awakened
  3022 | D:5      | Entered Level 5 of the Dungeon
  3330 | D:5      | Reached skill level 5 in Unarmed Combat
  3342 | D:5      | Found Koemooqusi's Armour Shoppe.
  3410 | D:5      | Reached XP level 8. HP: 75/75 MP: 11/11
  3505 | D:5      | Found a runed translucent gate.
  3506 | D:5      | Found a runed translucent gate.
  3506 | D:5      | Noticed AmazingEquinox's ghost (novice HOFi)
  3507 | D:5      | Found a runed translucent gate.
  3969 | D:6      | Noticed Dowan
  3969 | D:6      | Noticed Duvessa
  4015 | D:6      | Killed Dowan
  4089 | D:6      | Found an ancient bone altar of Kikubaaqudgha.
  4110 | D:6      | Reached skill level 1 in Evocations
  4121 | D:6      | HP: 3/78 [killer bee (6)]
  4122 | D:6      | Slain by a killer bee

Illustrated notes

Levels and vault maps discovered:
D:1:      minmay_arrival_split_and_join, layout_basic, serial_forest,
          infiniplex_forest_end_1, infiniplex_forest_straight_5,
          infiniplex_forest_zigzag_2, infiniplex_forest_clump_medium,
          infiniplex_forest_straight_5, infiniplex_forest_straight_5,
          infiniplex_forest_lined_room_2, chequers_ecumenical_altar_island
D:2:      layout_basic, minmay_tromino_v2
D:3:      layout_rooms, nicolae_uskayaw_suspiria, lemuel_tele_altar,
          minmay_misc_feat_tiny, due_unseen_surprise, uniq_ijyb
D:4:      kennysheep_kobold_camp, layout_rooms, mainiacjoe_overflow_24_doors,
          mainiacjoe_overflow_six_doors_small, gammafunk_ghost_mausoleum,
          nicolae_figureground_sparkle, uniq_blork_the_orc
D:5:      layout_loops_ring, gammafunk_ghost_nasty_kobolds, serial_shops, shop
D:6:      layout_cave_pools, mainiacjoe_overflow_cross_hatched, temple_doors_ab,
          uniq_duvessa

Skill      XL: |  1  2  3  4  5  6  7  8 |
---------------+-------------------------+-----
Fighting       | 1 2 3 |  3.6
Dodging        | 2 3 |  3.9
Transmutations | 2 3 |  3.5
Spellcasting   | 2 3 |  3.0
Unarmed Combat | 4 5 |  5.3
Evocations     | 1 |  1.0

Action                   |  1- 3 |  4- 6 |  7- 9 || total
-------------------------+-------+-------+-------++-------
Melee: Unarmed           |    83 |   139 |   115 ||   337
       Punch             |     1 |     2 |       ||     3
       Kick              |       |     2 |     5 ||     7
       Headbutt          |       |     1 |     2 ||     3
 Cast: Beastly Appendage |       |     2 |     4 ||     6
       Wereblood         |       |       |     2 ||     2
  Use: Scroll            |       |       |     6 ||     6
 Stab: Sleeping          |       |       |     1 ||     1
Armor: Robe              |    20 |    52 |    81 ||   153
Dodge: Dodged            |    31 |    66 |   102 ||   199

Table legend: (Time is in decaauts)
 A = Elapsed time spent in this place.
 B = Non-inter-level travel time spent in this place.
 C = Inter-level travel time spent in this place.
 D = Time resting spent in this place.
 E = Time spent auto-exploring this place.
 F = Levels seen in this place.
 G = Mean time per level.
                   A        B        C        D        E       F      G
               +--------+--------+--------+--------+--------+-----+--------+
         Total |   4101 |   3910 |    191 |      0 |   3036 |   6 |  683.5 |
       Dungeon |   4101 |   3910 |    191 |      0 |   3036 |   6 |  683.5 |
               +--------+--------+--------+--------+--------+-----+--------+

Top non-repeatable levels by time:
     D:5: 941 daAuts
     D:1: 819 daAuts
     D:4: 780 daAuts
     D:2: 765 daAuts
     D:3: 642 daAuts
     D:6: 153 daAuts
